 Dungeon Crawl Stone Soup version 0.31-a0-963-ga325b2283a (webtiles) character file.

Game seed: 16068943381288208251

182 IdlyInterested the Trooper (level 5, -5/41 HPs)
             Began as a Demonspawn Fighter on Oct 24, 2023.
             Slain by Crazy Yiuf
             ... wielding a +4 quarterstaff of chaos
              (12 damage)
             ... on level 2 of the Dungeon.
             The game lasted 00:07:51 (2202 turns).

IdlyInterested the Trooper (Demonspawn Fighter)     Turns: 2202, Time: 00:07:51

Health: -5/41      AC: 12    Str: 16    XL:     5   Next: 34%
Magic:  5/5        EV:  9    Int: 10    God:
Gold:   94         SH:  9    Dex: 14    Spells: 4/4 levels left

rFire   . . .        p - +1 dagger (freeze)
rCold   . . .        b - +0 buckler
rNeg    . . .        a - +0 scale mail
rPois   .            (helmet restricted)
rElec   .            (no cloak)
rCorr   .            (no gloves)
SInv    .            (no boots)
Will    .....        (no amulet)
Stlth   +            (no ring)
HPRegen 0.26/turn    (no ring)
MPRegen 0.09/turn

%: no passive effects
@: brilliant, attractive
A: antennae 1, slimy green scales 1, icemail 1, condensation shield, screaming
1, teleportitis 1
a: no special abilities


You were on level 2 of the Dungeon.
You visited 1 branch of the dungeon, and saw 2 of its levels.

You collected 94 gold pieces.

Inventory:

Hand Weapons
 c - a +0 flail
 i - a +0 spear
 j - a +0 dagger
 n - a +0 whip
 p - a +1 dagger of freezing (weapon)
 r - a +2 short sword of holy wrath
Missiles
 f - 15 poisoned darts (quivered)
 m - 3 javelins
 q - 8 stones
Armour
 a - a +0 scale mail (worn)
 b - a +0 buckler (worn)
 e - a +0 robe
 k - a +0 ring mail
 l - a +0 robe
 v - a +0 robe
Scrolls
 d - a scroll of fear {unknown}
 u - a scroll of identify {unknown}


   Skills:
 - Level 3.0 Fighting
 - Level 2.0 Throwing
 - Level 3.0 Armour
 + Level 2.1 Dodging
 - Level 2.0 Stealth
 + Level 3.0 Shields
 - Level 1.7 Unarmed Combat
 - Level 2.0 Evocations


You had 4 spell levels left.
You didn't know any spells.
Your spell library contained the following spells:

 Spells                   Type           Power      Damage    Failure   Level
 Freeze                   Ice            0%         1d3       87%         1
 Magic Dart               Conj           0%         1d3       87%         1
 Call Imp                 Summ           0%         N/A       95%         2
 Frozen Ramparts          Ice            0%         1d1       99%         3
 Hailstorm                Conj/Ice       0%         3d3       99%         3
 Mephitic Cloud           Conj/Pois/Air  0%         N/A       99%         3


Dungeon Overview and Level Annotations

Branches:
Dungeon (2/15)

Altars:

Annotations:
D:2 Crazy Yiuf


Innate Abilities, Weirdness & Mutations

You have a pair of small antennae on your head.
You are partially covered in slimy green scales. (AC +2)
A meltable icy envelope protects you from harm. (AC +4)
A meltable shield of frost defends you. (SH +4)
You occasionally shout uncontrollably at your foes.
You are occasionally teleported next to monsters.


Message History

* * * LOW HITPOINT WARNING * * *
You barely miss Crazy Yiuf.
Crazy Yiuf is heavily wounded.
Crazy Yiuf hits you with a +4 quarterstaff of chaos.
* * * LOW HITPOINT WARNING * * *
Crazy Yiuf draws strength from your wounds!
You feel better. You block Crazy Yiuf's attack.
It was a potion of brilliance.
You feel clever all of a sudden. Crazy Yiuf completely misses you.
It was a potion of mutation.
You feel extremely strange.
You feel the urge to shout.
You feel weirdly uncertain. Crazy Yiuf closely misses you.
You hit Crazy Yiuf. You freeze Crazy Yiuf.
Crazy Yiuf is heavily wounded.
You block Crazy Yiuf's attack.
You hit Crazy Yiuf but do no damage.
Crazy Yiuf is heavily wounded.
You block Crazy Yiuf's attack.
It was a potion of attraction.
You feel attractive to monsters. You block Crazy Yiuf's attack.
You hit Crazy Yiuf but do no damage.
Crazy Yiuf is heavily wounded.
Crazy Yiuf grits, "Iron senile forty-two!"
You block Crazy Yiuf's attack.
You hit Crazy Yiuf. You freeze Crazy Yiuf.
Crazy Yiuf is severely wounded.
Crazy Yiuf hits you with a +4 quarterstaff of chaos.
* * * LOW HITPOINT WARNING * * *
You hit Crazy Yiuf but do no damage.
Crazy Yiuf is severely wounded.
You block Crazy Yiuf's attack.
You hit Crazy Yiuf. You freeze Crazy Yiuf.
Crazy Yiuf is severely wounded.
You block Crazy Yiuf's attack.
You hit Crazy Yiuf but do no damage.
Crazy Yiuf is severely wounded.
Crazy Yiuf hits you with a +4 quarterstaff of chaos!
You die...

#..........[#...#
#...........#...#
#....>......#...###
###########.#......
#.#......
#########...... ###
###.#....##......
#...##..#.............
#...g@####P...........
#)..### ##....##.....
### ############ ### #.
#.#####.
#################.#...'.
#........)))......#.###.
#.........)####.#.#.# #.
#..........'......#.####


You could see Crazy Yiuf.

Vanquished Creatures
  A hound (D:2)
  Jessica (D:2)
  8 gnolls (D:2)
  2 dart slugs
  3 bats
  3 endoplasms
  3 giant cockroaches (D:1)
  7 goblins
  3 hobgoblins
  4 kobolds
  4 quokkas
  A ball python (D:1)
  7 rats
47 creatures vanquished.

Notes
Turn   | Place    | Note
-------+----------+-------------------------------------------
     0 | D:1      | IdlyInterested the Demonspawn Fighter began the quest for
                  | the Orb.
     0 | D:1      | Reached XP level 1. HP: 18/18 MP: 1/1
   193 | D:1      | Reached skill level 1 in Dodging
   201 | D:1      | Gained mutation: A meltable shield of frost defends you.
                  | (SH +4) [demonic ancestry]
   201 | D:1      | Reached XP level 2. HP: 16/24 MP: 2/2
   372 | D:1      | Reached skill level 1 in Throwing
   461 | D:1      | Reached skill level 1 in Stealth
   573 | D:1      | Gained mutation: A meltable icy envelope protects you from
                  | harm. (AC +4) [demonic ancestry]
   573 | D:1      | Reached XP level 3. HP: 28/29 MP: 3/3
  1211 | D:2      | Reached skill level 1 in Evocations
  1451 | D:2      | Gained mutation: You are partially covered in slimy green
                  | scales. (AC +2) [demonic ancestry]
  1451 | D:2      | Reached XP level 4. HP: 33/35 MP: 4/4
  1468 | D:2      | Found a runed translucent door.
  1469 | D:2      | Noticed Crazy Yiuf
  1604 | D:2      | Noticed Jessica
  1612 | D:2      | Killed Jessica
  1715 | D:2      | Gained mutation: You have a pair of small antennae on your
                  | head. [demonic ancestry]
  1715 | D:2      | Reached XP level 5. HP: 9/41 MP: 5/5
  2194 | D:2      | Gained mutation: You occasionally shout uncontrollably at
                  | your foes. [potion of mutation]
  2194 | D:2      | Gained mutation: You are occasionally teleported next to
                  | monsters. [potion of mutation]
  2202 | D:2      | Slain by Crazy Yiuf

Illustrated notes

Levels and vault maps discovered:
D:1:      saegor_arrival_fortress, layout_basic, serial_aquarium,
          aquarium_bridge_square [aquarium_subvault_bridge,
          aquarium_subvault_window, aquarium_subvault_bridge,
          aquarium_subvault_window], aquarium_window_fake,
          aquarium_window_corner, aquarium_window_1, aquarium_window_corridor_2,
          aquarium_view_2a, aquarium_pool_S, serial_bayou_pond_b
D:2:      layout_basic, uniq_crazy_yiuf_cottage, uniq_jessica

Skill      XL: |  1  2  3  4  5 |
---------------+----------------+-----
Dodging        | 1 2 |  2.1
Armour         | 3 |  3.0
Throwing       | 1 2 |  2.0
Stealth        | 1 2 |  2.0
Evocations     | 1 2 |  2.0
Shields        | 3 |  3.0
Fighting       | |  3.0
Unarmed Combat | |  1.7

Action                     |  1- 3 |  4- 6 || total
---------------------------+-------+-------++-------
  Melee: Unarmed           |    90 |       ||    90
         Dagger            |    34 |    74 ||   108
  Throw: Dart              |     1 |    15 ||    16
    Use: Potion            |     1 |     7 ||     8
 Armour: Scale mail        |    56 |    43 ||    99
  Dodge: Dodged            |    42 |    18 ||    60
  Block: Buckler           |    36 |    39 ||    75

Table legend: (Time is in decaauts)
 A = Elapsed time spent in this place.
 B = Non-inter-level travel time spent in this place.
 C = Inter-level travel time spent in this place.
 D = Time resting spent in this place.
 E = Time spent auto-exploring this place.
 F = Levels seen in this place.
 G = Mean time per level.
                   A        B        C        D        E       F      G
               +--------+--------+--------+--------+--------+-----+--------+
         Total |   2207 |   1958 |    249 |    303 |   1065 |   2 | 1103.5 |
       Dungeon |   2207 |   1958 |    249 |    303 |   1065 |   2 | 1103.5 |
               +--------+--------+--------+--------+--------+-----+--------+

Top non-repeatable levels by time:
     D:1: 1296 daAuts
     D:2: 911 daAuts
